[ AOE2 MATCH · #463578217 ]
Team RMPoles vs Franks
[ REPLAY ANALYSIS · EXTRACTED FROM THE RECORDED GAME ]
Feudal
10:00
Castle
21:11
Imperial
—
| APM avg | 26.3 |
| APM peak | 73 |
| eAPM avg | 14.9 |
| Villagers / military | 107 / 69 |
Focus
⚔️ 28.9% · 🌾 71.1%
Knight ×53 · Spearman ×9 · Scout Cavalry ×7
Feudal
10:56
Castle
21:46
Imperial
40:07
| APM avg | 28.2 |
| APM peak | 62 |
| eAPM avg | 16.6 |
| Villagers / military | 118 / 145 |
Focus
⚔️ 35.2% · 🌾 64.8%
Knight ×79 · Scout Cavalry ×61 · Spearman ×5
Feudal
11:47
Castle
29:23
Imperial
—
| APM avg | 34.7 |
| APM peak | 139 |
| eAPM avg | 13.9 |
| Villagers / military | 78 / 107 |
Focus
⚔️ 40.7% · 🌾 59.3%
Archer ×68 · Spearman ×34 · Longbowman ×5
Feudal
10:18
Castle
20:31
Imperial
44:57
| APM avg | 29.8 |
| APM peak | 61 |
| eAPM avg | 15.4 |
| Villagers / military | 92 / 119 |
Focus
⚔️ 25.5% · 🌾 74.5%
Fire Lancer ×105 · Skirmisher ×13 · Monk ×1
Feudal
—
Castle
—
Imperial
—
| APM avg | 31.6 |
| APM peak | 103 |
| eAPM avg | 11.4 |
| Villagers / military | 76 / 70 |
Focus
⚔️ 35.6% · 🌾 64.4%
Archer ×59 · Spearman ×5 · Camel Scout ×4 · Scout Cavalry ×2
Feudal
9:32
Castle
29:04
Imperial
—
| APM avg | 32.3 |
| APM peak | 67 |
| eAPM avg | 14.5 |
| Villagers / military | 150 / 120 |
Focus
⚔️ 23.7% · 🌾 76.3%
Battle Elephant ×71 · Scout Cavalry ×49
Match map
Initial resources + every placement click. Lines = walls · curves = elevation contours. ◆ gold · ⬟ stone · ● berries · ✦ relic · ◌ wall gap
Your base· ✓ Closed at 21:11 · 20t walls · no gate
pablogueme's base· ✓ Closed at 21:46 · 104t walls · 8 gate(s)
CMD_negroterrazas's base· ✓ Closed at 29:23 · 75t walls · 2 gate(s)
lordraiden36's base· ✓ Closed at 20:31 · 55t walls · 1 gate(s)
Joe CMD's base· Open — unwalled flank
Gederico's base· Open — unwalled flank
Smoothed initial terrain · ◌ = detected wall gap · hover for details
Inputs per minute
— CMD_tomi - - pablogueme
Build order — CMD_tomi
First 150 of 287 actions detected
| 0:00 | Create | Villager (Male) |
| 0:01 | Create | Villager (Male) |
| 0:01 | Create | Villager (Male) |
| 0:01 | Create | Villager (Male) |
| 0:03 | Build | House |
| 0:04 | Build | House |
| 1:39 | Create | Villager (Male) |
| 1:39 | Create | Villager (Male) |
| 1:45 | Build | Lumber Camp |
| 1:58 | Create | Villager (Male) |
| 1:59 | Create | Villager (Male) |
| 2:33 | Create | Villager (Male) |
| 2:34 | Create | Villager (Male) |
| 2:48 | Create | Villager (Male) |
| 2:49 | Create | Villager (Male) |
| 3:00 | Create | Villager (Male) |
| 3:00 | Create | Villager (Male) |
| 3:02 | Build | House |
| 3:03 | Build | House |
| 3:36 | Create | Villager (Male) |
| 3:36 | Create | Villager (Male) |
| 4:17 | Build | Mill |
| 4:37 | Create | Villager (Male) |
| 4:37 | Create | Villager (Male) |
| 4:37 | Create | Villager (Male) |
| 5:31 | Build | Farm |
| 5:38 | Create | Villager (Male) |
| 5:50 | Build | Farm |
| 5:58 | Create | Villager (Male) |
| 6:23 | Create | Villager (Male) |
| 6:23 | Create | Villager (Male) |
| 6:23 | Create | Villager (Male) |
| 6:27 | Build | Farm |
| 6:29 | Create | Villager (Male) |
| 6:59 | Create | Villager (Male) |
| 7:04 | Build | Farm |
| 7:06 | Create | Villager (Male) |
| 7:25 | Research | Loom |
| 7:33 | Research | Feudal Age |
| 7:59 | Build | House |
| 8:01 | Build | Palisade Wall |
| 8:07 | Build | Farm |
| 9:08 | Build | Barracks |
| 9:12 | Build | Palisade Wall |
| 9:29 | Build | House |
| 9:53 | Create | Villager (Male) |
| 9:54 | Create | Villager (Male) |
| 10:00 | Age | Feudal Age |
| 10:18 | Build | Stable |
| 10:31 | Research | Horse Collar |
| 10:32 | Research | Horse Collar |
| 10:53 | Research | Double-Bit Axe |
| 10:53 | Research | Double-Bit Axe |
| 10:55 | Create | Villager (Male) |
| 11:03 | Create | Spearman |
| 11:06 | Create | Scout Cavalry |
| 11:07 | Create | Scout Cavalry |
| 11:10 | Create | Villager (Male) |
| 11:29 | Build | Farm |
| 11:32 | Create | Villager (Male) |
| 11:36 | Create | Scout Cavalry |
| 11:45 | Create | Spearman |
| 12:10 | Build | Mill |
| 12:22 | Build | House |
| 12:23 | Build | House |
| 12:27 | Create | Villager (Male) |
| 12:35 | Build | Farm |
| 12:38 | Build | Farm |
| 12:42 | Build | Farm |
| 12:44 | Create | Scout Cavalry |
| 12:47 | Create | Villager (Male) |
| 12:54 | Build | Farm |
| 13:06 | Build | Farm |
| 13:09 | Create | Villager (Male) |
| 13:14 | Build | Farm |
| 13:16 | Create | Scout Cavalry |
| 13:21 | Build | Palisade Wall |
| 13:31 | Build | House |
| 13:35 | Build | Farm |
| 13:42 | Create | Villager (Male) |
| 13:46 | Build | Farm |
| 13:50 | Create | Scout Cavalry |
| 13:53 | Create | Villager (Male) |
| 14:28 | Build | House |
| 14:31 | Create | Scout Cavalry |
| 14:32 | Create | Villager (Male) |
| 15:08 | Create | Villager (Male) |
| 15:13 | Build | Blacksmith |
| 15:15 | Build | Mining Camp |
| 15:17 | Create | Villager (Male) |
| 15:51 | Create | Villager (Male) |
| 16:14 | Create | Villager (Male) |
| 16:49 | Create | Villager (Male) |
| 16:59 | Build | Market |
| 17:16 | Create | Villager (Male) |
| 18:31 | Research | Castle Age |
| 18:32 | Research | Castle Age |
| 18:38 | Build | Stable |
| 18:51 | Create | Villager (Male) |
| 18:57 | Research | Gold Mining |
| 19:05 | Build | House |
| 19:08 | Build | Palisade Wall |
| 19:18 | Create | Villager (Male) |
| 19:25 | Build | Stable |
| 20:20 | Research | Scale Barding Armor |
| 20:21 | Research | Forging |
| 21:11 | Age | Castle Age |
| 21:18 | Build | Town Center |
| 21:24 | Research | Husbandry |
| 21:25 | Research | Bloodlines |
| 21:25 | Create | Knight |
| 21:26 | Create | Knight |
| 21:26 | Create | Knight |
| 21:26 | Create | Knight |
| 21:26 | Create | Knight |
| 21:26 | Create | Knight |
| 21:27 | Create | Knight |
| 21:44 | Create | Villager (Male) |
| 21:56 | Build | Town Center |
| 22:09 | Build | Palisade Gate |
| 22:14 | Create | Villager (Male) |
| 22:33 | Create | Knight |
| 22:33 | Create | Knight |
| 22:33 | Create | Knight |
| 22:34 | Create | Knight |
| 22:52 | Research | Iron Casting |
| 23:00 | Create | Villager (Male) |
| 23:00 | Create | Villager (Male) |
| 23:00 | Create | Villager (Male) |
| 23:00 | Create | Villager (Male) |
| 23:01 | Create | Villager (Male) |
| 23:01 | Create | Villager (Male) |
| 23:01 | Create | Villager (Male) |
| 23:13 | Build | House |
| 23:14 | Build | House |
| 23:15 | Build | House |
| 23:16 | Build | House |
| 23:27 | Create | Knight |
| 23:28 | Create | Knight |
| 24:06 | Create | Villager (Male) |
| 24:06 | Create | Villager (Male) |
| 24:06 | Create | Villager (Male) |
| 24:06 | Create | Villager (Male) |
| 24:07 | Create | Villager (Male) |
| 24:14 | Create | Villager (Male) |
| 24:14 | Create | Villager (Male) |
| 24:15 | Create | Villager (Male) |
| 24:15 | Create | Villager (Male) |
| 24:22 | Create | Knight |
| 24:22 | Create | Knight |
Build order — pablogueme
First 150 of 411 actions detected
| 0:01 | Create | Villager (Male) |
| 0:02 | Create | Villager (Male) |
| 0:02 | Create | Villager (Male) |
| 0:03 | Build | House |
| 0:05 | Build | House |
| 0:36 | Create | Villager (Male) |
| 0:37 | Create | Villager (Male) |
| 1:38 | Create | Villager (Male) |
| 1:38 | Create | Villager (Male) |
| 2:01 | Build | Lumber Camp |
| 2:05 | Create | Villager (Male) |
| 2:25 | Create | Villager (Male) |
| 2:25 | Create | Villager (Male) |
| 2:50 | Create | Villager (Male) |
| 2:51 | Create | Villager (Male) |
| 3:06 | Create | Villager (Male) |
| 3:06 | Create | Villager (Male) |
| 3:31 | Build | House |
| 3:46 | Build | House |
| 4:06 | Create | Villager (Male) |
| 4:07 | Create | Villager (Male) |
| 4:33 | Create | Villager (Male) |
| 4:41 | Build | Mill |
| 5:00 | Create | Villager (Male) |
| 5:09 | Create | Villager (Male) |
| 5:51 | Create | Villager (Male) |
| 5:52 | Create | Villager (Male) |
| 5:52 | Create | Villager (Male) |
| 6:02 | Research | Loom |
| 6:30 | Create | Villager (Male) |
| 6:41 | Build | Mill |
| 6:50 | Create | Villager (Male) |
| 7:07 | Create | Villager (Male) |
| 7:32 | Create | Villager (Male) |
| 7:52 | Create | Villager (Male) |
| 8:16 | Build | House |
| 8:20 | Build | Palisade Wall |
| 8:29 | Build | House |
| 8:46 | Research | Feudal Age |
| 8:50 | Build | Lumber Camp |
| 9:00 | Build | Palisade Wall |
| 9:05 | Build | Palisade Wall |
| 9:21 | Build | Palisade Gate |
| 9:24 | Build | Palisade Wall |
| 9:26 | Build | Palisade Wall |
| 9:39 | Build | Palisade Wall |
| 10:26 | Build | Barracks |
| 10:30 | Build | Palisade Wall |
| 10:42 | Create | Villager (Male) |
| 10:44 | Research | Loom |
| 10:45 | Create | Villager (Male) |
| 10:45 | Create | Villager (Male) |
| 10:50 | Build | Palisade Wall |
| 10:56 | Age | Feudal Age |
| 11:00 | Research | Double-Bit Axe |
| 11:11 | Create | Villager (Male) |
| 11:35 | Build | Palisade Gate |
| 11:43 | Build | Farm |
| 11:44 | Build | Farm |
| 11:53 | Build | Farm |
| 12:06 | Build | Farm |
| 12:06 | Build | Farm |
| 12:06 | Build | Farm |
| 12:07 | Build | Farm |
| 12:07 | Build | Farm |
| 12:11 | Create | Villager (Male) |
| 12:11 | Create | Villager (Male) |
| 12:11 | Create | Villager (Male) |
| 12:12 | Create | Villager (Male) |
| 12:22 | Build | Palisade Wall |
| 12:23 | Build | Palisade Wall |
| 12:34 | Create | Villager (Male) |
| 12:37 | Create | Villager (Male) |
| 12:49 | Build | Palisade Wall |
| 12:53 | Build | Farm |
| 12:57 | Create | Villager (Male) |
| 12:59 | Build | Farm |
| 12:59 | Build | Farm |
| 12:59 | Build | Farm |
| 12:59 | Build | Farm |
| 13:00 | Build | Farm |
| 13:08 | Build | Farm |
| 13:15 | Create | Villager (Male) |
| 13:18 | Build | Farm |
| 13:18 | Build | Farm |
| 13:18 | Build | Farm |
| 13:18 | Build | Farm |
| 13:18 | Build | Farm |
| 13:34 | Create | Villager (Male) |
| 13:42 | Create | Villager (Male) |
| 13:50 | Build | Stable |
| 13:56 | Build | Market |
| 13:59 | Create | Villager (Male) |
| 14:07 | Build | Palisade Wall |
| 14:16 | Create | Villager (Male) |
| 14:27 | Build | House |
| 14:45 | Build | Blacksmith |
| 14:57 | Build | Mining Camp |
| 15:12 | Build | Palisade Gate |
| 15:20 | Build | Stone Wall |
| 15:25 | Build | Gate |
| 15:30 | Create | Villager (Male) |
| 15:38 | Create | Spearman |
| 15:46 | Create | Spearman |
| 15:52 | Build | Gate |
| 16:00 | Create | Villager (Male) |
| 16:03 | Create | Villager (Male) |
| 16:07 | Build | Farm |
| 16:07 | Build | Farm |
| 16:08 | Build | Farm |
| 16:15 | Build | Barracks |
| 16:18 | Build | Stone Wall |
| 16:29 | Build | Stone Wall |
| 16:34 | Build | Stone Wall |
| 16:36 | Build | Stone Wall |
| 16:36 | Build | Stone Wall |
| 16:40 | Build | Stone Wall |
| 16:42 | Build | Stone Wall |
| 16:52 | Create | Spearman |
| 16:57 | Build | House |
| 16:59 | Build | House |
| 17:03 | Create | Villager (Male) |
| 17:08 | Build | Palisade Wall |
| 17:23 | Build | Palisade Wall |
| 17:25 | Create | Villager (Male) |
| 17:39 | Create | Spearman |
| 17:39 | Create | Spearman |
| 17:45 | Build | Palisade Gate |
| 17:51 | Build | House |
| 17:59 | Build | Palisade Gate |
| 18:06 | Build | Palisade Gate |
| 18:26 | Build | House |
| 18:33 | Build | Palisade Wall |
| 18:44 | Build | House |
| 18:46 | Build | House |
| 18:58 | Build | Stable |
| 18:59 | Research | Castle Age |
| 19:12 | Build | Farm |
| 19:12 | Build | Farm |
| 19:12 | Build | Farm |
| 19:13 | Build | Farm |
| 19:13 | Build | Farm |
| 19:13 | Build | Farm |
| 19:13 | Build | Farm |
| 19:14 | Build | Farm |
| 19:14 | Build | Farm |
| 19:14 | Build | Farm |
| 19:32 | Build | House |
| 19:33 | Build | House |
| 19:34 | Build | House |
Build order — CMD_negroterrazas
First 150 of 254 actions detected
| 0:04 | Build | House |
| 0:07 | Build | House |
| 0:08 | Create | Villager (Male) |
| 0:08 | Create | Villager (Male) |
| 0:09 | Create | Villager (Male) |
| 0:09 | Create | Villager (Male) |
| 0:09 | Create | Villager (Male) |
| 0:09 | Create | Villager (Male) |
| 1:32 | Create | Villager (Male) |
| 1:32 | Create | Villager (Male) |
| 1:33 | Create | Villager (Male) |
| 2:08 | Build | Lumber Camp |
| 2:11 | Create | Villager (Male) |
| 2:11 | Create | Villager (Male) |
| 2:12 | Create | Villager (Male) |
| 2:12 | Create | Villager (Male) |
| 2:36 | Create | Villager (Male) |
| 2:36 | Create | Villager (Male) |
| 2:36 | Create | Villager (Male) |
| 3:14 | Create | Villager (Male) |
| 3:14 | Create | Villager (Male) |
| 3:15 | Create | Villager (Male) |
| 3:48 | Create | Villager (Male) |
| 3:48 | Create | Villager (Male) |
| 4:13 | Create | Villager (Male) |
| 4:14 | Create | Villager (Male) |
| 4:14 | Create | Villager (Male) |
| 4:14 | Create | Villager (Male) |
| 4:29 | Build | House |
| 4:30 | Build | House |
| 4:31 | Build | House |
| 4:34 | Build | House |
| 4:35 | Build | House |
| 4:37 | Build | House |
| 5:16 | Build | Mill |
| 5:51 | Create | Villager (Male) |
| 5:52 | Create | Villager (Male) |
| 5:52 | Create | Villager (Male) |
| 5:53 | Create | Villager (Male) |
| 5:53 | Create | Villager (Male) |
| 5:53 | Create | Villager (Male) |
| 7:16 | Create | Villager (Male) |
| 7:16 | Create | Villager (Male) |
| 7:32 | Build | Palisade Wall |
| 7:43 | Build | Palisade Wall |
| 7:53 | Create | Villager (Male) |
| 7:53 | Create | Villager (Male) |
| 7:59 | Research | Loom |
| 8:06 | Build | Mining Camp |
| 8:47 | Research | Feudal Age |
| 8:55 | Build | Barracks |
| 9:36 | Build | Palisade Wall |
| 10:04 | Create | Villager (Male) |
| 10:04 | Create | Villager (Male) |
| 10:04 | Create | Villager (Male) |
| 10:22 | Build | Palisade Wall |
| 11:47 | Age | Feudal Age |
| 11:59 | Build | Blacksmith |
| 12:01 | Build | Archery Range |
| 12:03 | Build | Archery Range |
| 12:18 | Build | Palisade Wall |
| 12:28 | Build | Archery Range |
| 12:51 | Research | Fletching |
| 12:51 | Research | Padded Archer Armor |
| 12:54 | Create | Archer |
| 12:54 | Create | Archer |
| 12:55 | Create | Archer |
| 12:55 | Create | Archer |
| 12:55 | Create | Archer |
| 13:09 | Build | Stone Wall |
| 13:20 | Create | Villager (Male) |
| 13:20 | Create | Villager (Male) |
| 13:20 | Create | Villager (Male) |
| 13:20 | Create | Villager (Male) |
| 13:21 | Create | Villager (Male) |
| 13:21 | Create | Villager (Male) |
| 13:37 | Create | Archer |
| 13:37 | Create | Archer |
| 13:37 | Create | Archer |
| 13:37 | Create | Archer |
| 13:49 | Build | Stone Wall |
| 13:52 | Build | Gate |
| 14:00 | Build | Farm |
| 14:21 | Create | Archer |
| 14:22 | Create | Archer |
| 14:22 | Create | Archer |
| 14:22 | Create | Archer |
| 14:39 | Build | Stone Wall |
| 14:46 | Build | Stone Wall |
| 15:02 | Create | Spearman |
| 15:02 | Create | Spearman |
| 15:03 | Create | Spearman |
| 15:03 | Create | Spearman |
| 15:16 | Build | House |
| 15:30 | Build | House |
| 16:21 | Create | Villager (Male) |
| 16:21 | Create | Villager (Male) |
| 16:21 | Create | Villager (Male) |
| 16:41 | Create | Spearman |
| 17:03 | Build | Mining Camp |
| 17:17 | Create | Archer |
| 17:18 | Create | Archer |
| 17:18 | Create | Archer |
| 17:19 | Create | Archer |
| 17:33 | Build | House |
| 18:01 | Build | House |
| 18:23 | Create | Archer |
| 18:23 | Create | Archer |
| 18:23 | Create | Archer |
| 18:24 | Create | Archer |
| 18:24 | Create | Archer |
| 18:24 | Create | Archer |
| 18:42 | Build | House |
| 18:47 | Build | Stone Wall |
| 18:52 | Build | Stone Wall |
| 19:09 | Build | Gate |
| 19:16 | Create | Villager (Male) |
| 19:16 | Create | Villager (Male) |
| 19:17 | Create | Villager (Male) |
| 20:09 | Create | Spearman |
| 20:10 | Create | Spearman |
| 20:10 | Create | Spearman |
| 20:29 | Build | Farm |
| 20:33 | Build | Farm |
| 20:35 | Build | Farm |
| 20:51 | Build | Farm |
| 21:10 | Create | Spearman |
| 21:10 | Create | Spearman |
| 21:10 | Create | Spearman |
| 21:47 | Build | Farm |
| 21:57 | Create | Archer |
| 21:58 | Create | Archer |
| 21:58 | Create | Archer |
| 21:58 | Create | Archer |
| 22:02 | Create | Villager (Male) |
| 22:03 | Create | Villager (Male) |
| 22:03 | Create | Villager (Male) |
| 22:04 | Create | Villager (Male) |
| 22:52 | Build | Farm |
| 22:57 | Build | Farm |
| 24:12 | Build | Farm |
| 24:15 | Create | Villager (Male) |
| 24:15 | Create | Villager (Male) |
| 24:44 | Build | Farm |
| 24:46 | Build | Farm |
| 24:50 | Build | Farm |
| 24:55 | Build | Farm |
| 25:20 | Build | Farm |
| 25:28 | Create | Villager (Male) |
| 26:16 | Build | Farm |
Build order — lordraiden36
First 150 of 268 actions detected
| 0:01 | Create | Villager (Male) |
| 0:01 | Create | Villager (Male) |
| 0:02 | Build | House |
| 0:04 | Build | House |
| 0:14 | Create | Villager (Male) |
| 0:33 | Create | Villager (Male) |
| 1:23 | Create | Villager (Male) |
| 1:51 | Build | Lumber Camp |
| 2:18 | Create | Villager (Male) |
| 2:41 | Create | Villager (Male) |
| 2:41 | Create | Villager (Male) |
| 3:10 | Create | Villager (Male) |
| 3:27 | Create | Villager (Male) |
| 3:56 | Build | House |
| 4:07 | Create | Villager (Male) |
| 4:22 | Build | Mill |
| 4:38 | Create | Villager (Male) |
| 4:38 | Create | Villager (Male) |
| 5:09 | Create | Villager (Male) |
| 5:09 | Create | Villager (Male) |
| 5:22 | Create | Villager (Male) |
| 6:02 | Build | House |
| 6:02 | Create | Villager (Male) |
| 6:17 | Create | Villager (Male) |
| 6:33 | Build | House |
| 6:53 | Build | Mill |
| 7:00 | Create | Villager (Male) |
| 7:12 | Build | Palisade Gate |
| 7:19 | Research | Loom |
| 7:47 | Build | House |
| 8:00 | Build | Palisade Wall |
| 8:08 | Research | Feudal Age |
| 8:30 | Build | Palisade Wall |
| 9:35 | Build | Palisade Wall |
| 9:42 | Create | Villager (Male) |
| 9:55 | Build | Barracks |
| 10:18 | Age | Feudal Age |
| 10:21 | Build | Palisade Wall |
| 10:41 | Build | House |
| 10:51 | Create | Villager (Male) |
| 10:57 | Build | Palisade Wall |
| 10:59 | Create | Villager (Male) |
| 11:12 | Build | Archery Range |
| 11:16 | Create | Villager (Male) |
| 11:16 | Create | Villager (Male) |
| 11:55 | Build | Lumber Camp |
| 11:57 | Create | Villager (Male) |
| 12:04 | Build | Palisade Wall |
| 12:10 | Create | Villager (Male) |
| 12:43 | Create | Villager (Male) |
| 12:46 | Research | Horse Collar |
| 12:48 | Research | Double-Bit Axe |
| 12:57 | Build | Market |
| 13:02 | Build | Farm |
| 13:09 | Create | Villager (Male) |
| 13:26 | Build | Farm |
| 13:36 | Build | Farm |
| 13:39 | Build | Farm |
| 13:42 | Create | Villager (Male) |
| 13:48 | Build | Farm |
| 13:53 | Build | Farm |
| 13:55 | Create | Villager (Male) |
| 13:57 | Create | Skirmisher |
| 13:58 | Create | Skirmisher |
| 13:58 | Create | Skirmisher |
| 14:05 | Build | Farm |
| 14:20 | Create | Villager (Male) |
| 14:29 | Build | Farm |
| 14:31 | Build | Farm |
| 14:37 | Build | Farm |
| 14:53 | Build | House |
| 14:59 | Build | Mining Camp |
| 15:02 | Create | Villager (Male) |
| 15:08 | Build | Farm |
| 15:24 | Build | House |
| 15:38 | Create | Villager (Male) |
| 15:47 | Create | Skirmisher |
| 16:25 | Build | House |
| 16:26 | Create | Villager (Male) |
| 16:27 | Create | Skirmisher |
| 16:32 | Build | Farm |
| 16:33 | Create | Villager (Male) |
| 16:44 | Create | Villager (Male) |
| 16:55 | Build | House |
| 17:07 | Build | Blacksmith |
| 17:51 | Research | Castle Age |
| 17:51 | Research | Castle Age |
| 18:16 | Create | Skirmisher |
| 18:16 | Create | Skirmisher |
| 18:43 | Build | House |
| 18:46 | Create | Skirmisher |
| 19:01 | Build | Barracks |
| 19:09 | Research | Fletching |
| 19:33 | Build | House |
| 20:31 | Age | Castle Age |
| 20:38 | Create | Fire Lancer ×5 |
| 21:03 | Build | House |
| 21:05 | Build | House |
| 21:45 | Create | Fire Lancer |
| 21:51 | Create | Skirmisher |
| 21:51 | Create | Skirmisher |
| 21:51 | Create | Skirmisher |
| 22:11 | Research | Scale Mail Armor |
| 22:17 | Create | Fire Lancer |
| 22:17 | Create | Fire Lancer |
| 22:23 | Build | Palisade Gate |
| 23:01 | Research | Wheelbarrow |
| 23:07 | Create | Skirmisher |
| 23:08 | Create | Skirmisher |
| 23:24 | Build | Lumber Camp |
| 23:40 | Research | Hand Cart |
| 23:40 | Create | Villager (Male) |
| 24:02 | Create | Fire Lancer ×5 |
| 24:05 | Research | Gold Mining |
| 24:12 | Build | Palisade Gate |
| 24:44 | Create | Fire Lancer |
| 24:44 | Create | Fire Lancer |
| 24:46 | Create | Villager (Male) |
| 25:00 | Build | House |
| 25:02 | Create | Villager (Male) |
| 25:16 | Build | Town Center |
| 25:35 | Create | Villager (Male) |
| 25:40 | Create | Fire Lancer |
| 25:40 | Create | Fire Lancer |
| 25:48 | Create | Villager (Male) |
| 26:13 | Create | Villager (Male) |
| 26:15 | Create | Villager (Male) |
| 26:22 | Create | Fire Lancer |
| 26:22 | Create | Fire Lancer |
| 26:28 | Create | Villager (Male) |
| 26:33 | Build | Town Center |
| 26:36 | Build | Farm |
| 27:15 | Create | Villager (Male) |
| 27:15 | Create | Villager (Male) |
| 27:16 | Create | Villager (Male) |
| 27:16 | Create | Villager (Male) |
| 27:20 | Create | Fire Lancer |
| 27:20 | Create | Fire Lancer |
| 27:21 | Create | Fire Lancer |
| 27:35 | Build | Barracks |
| 27:40 | Create | Villager (Male) |
| 27:45 | Create | Villager (Male) |
| 27:53 | Create | Fire Lancer |
| 27:53 | Create | Fire Lancer |
| 28:06 | Create | Villager (Male) |
| 28:12 | Create | Villager (Male) |
| 28:22 | Build | Farm |
| 28:22 | Build | Farm |
| 28:22 | Build | Farm |
| 28:22 | Build | Farm |
Build order — Joe CMD
First 150 of 216 actions detected
| 0:03 | Build | House |
| 0:05 | Build | House |
| 0:06 | Create | Villager (Male) |
| 0:07 | Create | Villager (Male) |
| 0:07 | Create | Villager (Male) |
| 0:07 | Create | Villager (Male) |
| 1:50 | Create | Villager (Male) |
| 2:10 | Create | Villager (Male) |
| 2:10 | Create | Villager (Male) |
| 2:38 | Create | Villager (Male) |
| 2:39 | Create | Villager (Male) |
| 2:39 | Create | Villager (Male) |
| 2:50 | Build | Lumber Camp |
| 2:57 | Create | Villager (Male) |
| 3:26 | Create | Villager (Male) |
| 3:49 | Build | House |
| 4:19 | Create | Villager (Male) |
| 4:19 | Create | Villager (Male) |
| 4:19 | Create | Villager (Male) |
| 4:49 | Create | Villager (Male) |
| 5:14 | Create | Villager (Male) |
| 5:41 | Build | Mill |
| 6:07 | Build | House |
| 6:17 | Create | Villager (Male) |
| 6:51 | Create | Villager (Male) |
| 6:51 | Create | Villager (Male) |
| 6:55 | Create | Villager (Male) |
| 7:21 | Build | Barracks |
| 7:28 | Research | Loom |
| 8:28 | Build | Mining Camp |
| 8:35 | Build | House |
| 8:46 | Research | Feudal Age |
| 9:12 | Build | House |
| 10:07 | Build | House |
| 10:09 | Build | House |
| 10:25 | Build | Farm |
| 10:26 | Build | Farm |
| 10:32 | Build | Lumber Camp |
| 10:42 | Create | Villager (Male) |
| 10:43 | Create | Villager (Male) |
| 11:00 | Build | Archery Range |
| 11:15 | Create | Villager (Male) |
| 11:23 | Research | Double-Bit Axe |
| 11:32 | Create | Spearman |
| 11:33 | Create | Spearman |
| 11:51 | Create | Archer |
| 11:51 | Create | Archer |
| 12:12 | Create | Villager (Male) |
| 12:36 | Build | Blacksmith |
| 12:44 | Create | Villager (Male) |
| 12:45 | Create | Villager (Male) |
| 12:52 | Create | Archer |
| 12:53 | Create | Archer |
| 13:20 | Create | Villager (Male) |
| 13:24 | Research | Fletching |
| 13:32 | Build | Palisade Wall |
| 13:33 | Build | Palisade Wall |
| 13:35 | Build | Palisade Wall |
| 13:37 | Build | Palisade Wall |
| 13:39 | Build | Palisade Wall |
| 13:52 | Create | Archer |
| 13:52 | Create | Archer |
| 13:52 | Create | Archer |
| 13:53 | Create | Archer |
| 13:58 | Create | Villager (Male) |
| 14:33 | Build | Farm |
| 14:34 | Build | Farm |
| 14:34 | Build | Farm |
| 14:35 | Build | Farm |
| 14:55 | Build | Farm |
| 14:55 | Build | Farm |
| 14:59 | Create | Villager (Male) |
| 14:59 | Create | Villager (Male) |
| 15:12 | Research | Horse Collar |
| 15:47 | Create | Archer |
| 15:47 | Create | Archer |
| 15:47 | Create | Archer |
| 15:48 | Create | Archer |
| 15:48 | Create | Archer |
| 15:51 | Create | Villager (Male) |
| 16:01 | Build | Farm |
| 16:01 | Build | Farm |
| 16:02 | Build | Farm |
| 16:02 | Build | Farm |
| 16:42 | Create | Villager (Male) |
| 16:42 | Create | Villager (Male) |
| 17:01 | Build | Farm |
| 17:01 | Build | Farm |
| 17:02 | Build | Farm |
| 17:02 | Build | Farm |
| 17:21 | Build | Mill |
| 17:29 | Build | House |
| 18:00 | Build | Stable |
| 18:12 | Create | Villager (Male) |
| 18:12 | Create | Villager (Male) |
| 18:12 | Create | Villager (Male) |
| 18:50 | Create | Villager (Male) |
| 18:57 | Build | Market |
| 19:06 | Create | Scout Cavalry |
| 19:06 | Create | Scout Cavalry |
| 19:10 | Build | House |
| 19:31 | Build | Farm |
| 19:31 | Build | Farm |
| 19:32 | Build | Farm |
| 20:27 | Build | House |
| 20:29 | Build | House |
| 21:03 | Build | Farm |
| 21:03 | Build | Farm |
| 21:05 | Research | Castle Age |
| 21:41 | Build | House |
| 22:15 | Build | Archery Range |
| 22:20 | Create | Spearman |
| 22:21 | Create | Spearman |
| 22:21 | Create | Spearman |
| 23:24 | Create | Archer |
| 23:24 | Create | Archer |
| 23:25 | Create | Archer |
| 23:25 | Create | Archer |
| 23:25 | Create | Archer |
| 23:43 | Research | Wheelbarrow |
| 24:03 | Research | Crossbowman (upgrade) |
| 24:10 | Build | Town Center |
| 24:45 | Create | Villager (Male) |
| 24:45 | Create | Villager (Male) |
| 24:46 | Create | Villager (Male) |
| 24:46 | Create | Villager (Male) |
| 24:46 | Create | Villager (Male) |
| 24:46 | Create | Villager (Male) |
| 24:47 | Create | Villager (Male) |
| 24:51 | Research | Husbandry |
| 24:52 | Research | Bloodlines |
| 24:54 | Create | Camel Scout |
| 24:54 | Create | Camel Scout |
| 25:22 | Create | Villager (Male) |
| 25:23 | Create | Villager (Male) |
| 25:23 | Create | Villager (Male) |
| 26:33 | Create | Camel Scout |
| 26:33 | Create | Camel Scout |
| 27:03 | Create | Archer |
| 27:04 | Create | Archer |
| 27:04 | Create | Archer |
| 27:04 | Create | Archer |
| 27:13 | Research | Town Watch |
| 27:49 | Research | Bow Saw |
| 28:00 | Create | Villager (Male) |
| 28:00 | Create | Villager (Male) |
| 28:00 | Create | Villager (Male) |
| 28:01 | Create | Villager (Male) |
| 28:01 | Create | Villager (Male) |
| 28:35 | Create | Archer |
Build order — Gederico
First 150 of 260 actions detected
| 0:02 | Create | Villager (Male) |
| 0:02 | Create | Villager (Male) |
| 0:03 | Create | Villager (Male) |
| 0:03 | Create | Villager (Male) |
| 0:03 | Create | Villager (Male) |
| 0:03 | Create | Villager (Male) |
| 0:06 | Build | House |
| 0:07 | Build | House |
| 1:32 | Create | Villager (Male) |
| 1:33 | Create | Villager (Male) |
| 2:12 | Create | Villager (Male) |
| 2:12 | Create | Villager (Male) |
| 2:26 | Create | Villager (Male) |
| 2:27 | Create | Villager (Male) |
| 2:46 | Create | Villager (Male) |
| 2:47 | Create | Villager (Male) |
| 3:25 | Create | Villager (Male) |
| 3:25 | Create | Villager (Male) |
| 3:26 | Create | Villager (Male) |
| 3:54 | Create | Villager (Male) |
| 3:54 | Create | Villager (Male) |
| 3:54 | Create | Villager (Male) |
| 4:03 | Build | House |
| 4:29 | Build | Palisade Wall |
| 4:45 | Create | Villager (Male) |
| 4:45 | Create | Villager (Male) |
| 5:02 | Create | Villager (Male) |
| 5:02 | Create | Villager (Male) |
| 5:47 | Create | Villager (Male) |
| 5:47 | Create | Villager (Male) |
| 5:47 | Create | Villager (Male) |
| 5:48 | Create | Villager (Male) |
| 5:49 | Create | Villager (Male) |
| 5:49 | Create | Villager (Male) |
| 5:50 | Create | Villager (Male) |
| 5:50 | Create | Villager (Male) |
| 6:48 | Build | Lumber Camp |
| 6:52 | Build | House |
| 6:57 | Research | Loom |
| 7:01 | Research | Feudal Age |
| 8:23 | Build | Mill |
| 9:07 | Build | Mill |
| 9:32 | Age | Feudal Age |
| 9:32 | Build | House |
| 9:39 | Create | Villager (Male) |
| 9:39 | Create | Villager (Male) |
| 9:44 | Create | Villager (Male) |
| 9:59 | Build | Stable |
| 10:39 | Create | Scout Cavalry |
| 10:40 | Create | Scout Cavalry |
| 10:40 | Create | Scout Cavalry |
| 10:48 | Create | Villager (Male) |
| 10:48 | Create | Villager (Male) |
| 11:04 | Build | Farm |
| 11:26 | Build | Stable |
| 11:31 | Create | Villager (Male) |
| 11:31 | Create | Villager (Male) |
| 12:01 | Build | Farm |
| 12:26 | Build | House |
| 12:29 | Build | Farm |
| 12:32 | Create | Scout Cavalry ×2 |
| 12:38 | Create | Villager (Male) |
| 12:38 | Create | Villager (Male) |
| 12:44 | Build | House |
| 12:46 | Build | Palisade Wall |
| 12:56 | Create | Villager (Male) |
| 13:10 | Create | Scout Cavalry ×2 |
| 13:15 | Build | Farm |
| 13:55 | Create | Scout Cavalry ×2 |
| 13:55 | Create | Scout Cavalry ×2 |
| 14:02 | Build | Farm |
| 14:04 | Build | Farm |
| 14:10 | Build | Lumber Camp |
| 14:30 | Build | Mill |
| 14:40 | Create | Scout Cavalry ×2 |
| 15:04 | Build | House |
| 15:21 | Create | Scout Cavalry ×2 |
| 15:21 | Create | Scout Cavalry ×2 |
| 16:21 | Build | Blacksmith |
| 16:24 | Build | Market |
| 16:37 | Create | Villager (Male) |
| 16:38 | Create | Villager (Male) |
| 16:38 | Create | Villager (Male) |
| 16:42 | Create | Scout Cavalry ×2 |
| 16:42 | Create | Scout Cavalry ×2 |
| 17:11 | Build | Farm |
| 17:12 | Create | Villager (Male) |
| 17:18 | Build | House |
| 17:19 | Build | House |
| 17:19 | Build | House |
| 17:58 | Research | Forging |
| 17:59 | Research | Scale Barding Armor |
| 18:06 | Build | House |
| 18:06 | Build | House |
| 18:06 | Build | House |
| 18:07 | Build | House |
| 18:45 | Build | Mining Camp |
| 18:46 | Create | Villager (Male) |
| 18:47 | Create | Villager (Male) |
| 18:47 | Create | Villager (Male) |
| 18:54 | Build | Farm |
| 18:54 | Build | Farm |
| 18:54 | Build | Farm |
| 18:54 | Build | Farm |
| 18:55 | Build | Farm |
| 18:55 | Build | Farm |
| 18:55 | Build | Farm |
| 19:21 | Create | Scout Cavalry ×3 |
| 20:20 | Build | Farm |
| 20:21 | Build | Farm |
| 20:21 | Build | Farm |
| 20:25 | Create | Villager (Male) |
| 20:25 | Create | Villager (Male) |
| 20:33 | Research | Bloodlines |
| 21:02 | Build | Palisade Wall |
| 21:10 | Build | Watch Tower |
| 21:15 | Build | Farm |
| 21:36 | Build | Farm |
| 21:50 | Create | Villager (Male) |
| 21:50 | Create | Villager (Male) |
| 22:58 | Build | Farm |
| 22:58 | Build | Farm |
| 22:59 | Build | Farm |
| 23:15 | Create | Scout Cavalry ×5 |
| 23:15 | Create | Scout Cavalry ×5 |
| 24:51 | Build | Watch Tower |
| 24:55 | Build | Lumber Camp |
| 26:03 | Build | House |
| 26:08 | Build | House |
| 26:16 | Build | Farm |
| 26:24 | Research | Castle Age |
| 27:52 | Build | Lumber Camp |
| 28:42 | Build | Farm |
| 28:51 | Research | Double-Bit Axe |
| 29:04 | Age | Castle Age |
| 29:05 | Research | Chain Barding Armor |
| 29:05 | Research | Chain Barding Armor |
| 29:07 | Research | Iron Casting |
| 29:11 | Research | Husbandry |
| 29:24 | Research | Light Cavalry (upgrade) |
| 29:43 | Research | Bow Saw |
| 30:01 | Create | Villager (Male) |
| 30:01 | Create | Villager (Male) |
| 31:00 | Create | Battle Elephant ×3 |
| 31:00 | Create | Battle Elephant ×3 |
| 31:00 | Create | Battle Elephant ×3 |
| 31:05 | Build | Farm |
| 31:55 | Create | Scout Cavalry ×5 |
| 31:55 | Create | Scout Cavalry ×5 |
| 31:55 | Create | Scout Cavalry ×5 |
Match timeline
| 4:29 | Gederico · wall_segment Palisade Wall x5 |
| 7:21 | Joe CMD · first_building Barracks |
| 7:32 | CMD_negroterrazas · wall_segment Palisade Wall x6 |
| 7:43 | CMD_negroterrazas · wall_segment Palisade Wall x1 |
| 8:00 | lordraiden36 · wall_segment Palisade Wall x1 |
| 8:01 | CMD_tomi · wall_segment Palisade Wall x9 |
| 8:20 | pablogueme · wall_segment Palisade Wall x4 |
| 8:30 | lordraiden36 · wall_segment Palisade Wall x12 |
| 8:55 | CMD_negroterrazas · first_building Barracks |
| 9:00 | pablogueme · wall_segment Palisade Wall x2 |
| 9:05 | pablogueme · wall_segment Palisade Wall x5 |
| 9:08 | CMD_tomi · first_building Barracks |
| 9:12 | CMD_tomi · wall_segment Palisade Wall x1 |
| 9:24 | pablogueme · wall_segment Palisade Wall x1 |
| 9:26 | pablogueme · wall_segment Palisade Wall x1 |
| 9:32 | Gederico · age_up feudal |
| 9:35 | lordraiden36 · wall_segment Palisade Wall x7 |
| 9:36 | CMD_negroterrazas · wall_segment Palisade Wall x15 |
| 9:39 | pablogueme · wall_segment Palisade Wall x17 |
| 9:55 | lordraiden36 · first_building Barracks |
| 9:59 | Gederico · first_building Stable |
| 10:00 | CMD_tomi · age_up feudal |
| 10:18 | lordraiden36 · age_up feudal |
| 10:18 | CMD_tomi · first_building Stable |
| 10:21 | lordraiden36 · wall_segment Palisade Wall x1 |
| 10:22 | CMD_negroterrazas · wall_segment Palisade Wall x3 |
| 10:26 | pablogueme · first_building Barracks |
| 10:30 | pablogueme · wall_segment Palisade Wall x1 |
| 10:50 | pablogueme · wall_segment Palisade Wall x7 |
| 10:56 | pablogueme · age_up feudal |
| 10:57 | lordraiden36 · wall_segment Palisade Wall x7 |
| 11:00 | Joe CMD · first_building Archery Range |
| 11:12 | lordraiden36 · first_building Archery Range |
| 11:47 | CMD_negroterrazas · age_up feudal |
| 12:01 | CMD_negroterrazas · first_building Archery Range |
| 12:04 | lordraiden36 · wall_segment Palisade Wall x27 |
| 12:18 | CMD_negroterrazas · wall_segment Palisade Wall x3 |
| 12:22 | pablogueme · wall_segment Palisade Wall x9 |
| 12:23 | pablogueme · wall_segment Palisade Wall x1 |
| 12:46 | Gederico · wall_segment Palisade Wall x4 |
| 12:49 | pablogueme · wall_segment Palisade Wall x11 |
| 13:09 | CMD_negroterrazas · wall_segment Stone Wall x9 |
| 13:21 | CMD_tomi · wall_segment Palisade Wall x1 |
| 13:32 | Joe CMD · wall_segment Palisade Wall x14 |
| 13:33 | Joe CMD · wall_segment Palisade Wall x6 |
| 13:35 | Joe CMD · wall_segment Palisade Wall x3 |
| 13:37 | Joe CMD · wall_segment Palisade Wall x4 |
| 13:39 | Joe CMD · wall_segment Palisade Wall x9 |
| 13:49 | CMD_negroterrazas · wall_segment Stone Wall x6 |
| 13:50 | pablogueme · first_building Stable |
| 14:07 | pablogueme · wall_segment Palisade Wall x16 |
| 14:39 | CMD_negroterrazas · wall_segment Stone Wall x16 |
| 14:46 | CMD_negroterrazas · wall_segment Stone Wall x9 |
| 15:20 | pablogueme · wall_segment Stone Wall x1 |
| 16:18 | pablogueme · wall_segment Stone Wall x1 |
| 16:29 | pablogueme · wall_segment Stone Wall x1 |
| 16:34 | pablogueme · wall_segment Stone Wall x2 |
| 16:36 | pablogueme · wall_segment Stone Wall x1 |
| 16:36 | pablogueme · wall_segment Stone Wall x1 |
| 16:40 | pablogueme · wall_segment Stone Wall x1 |
| 16:42 | pablogueme · wall_segment Stone Wall x1 |
| 17:08 | pablogueme · wall_segment Palisade Wall x13 |
| 17:23 | pablogueme · wall_segment Palisade Wall x11 |
| 18:00 | Joe CMD · first_building Stable |
| 18:33 | pablogueme · wall_segment Palisade Wall x1 |
| 18:47 | CMD_negroterrazas · wall_segment Stone Wall x1 |
| 18:52 | CMD_negroterrazas · wall_segment Stone Wall x6 |
| 19:08 | CMD_tomi · wall_segment Palisade Wall x9 |
| 20:31 | lordraiden36 · age_up castle |
| 21:02 | Gederico · wall_segment Palisade Wall x1 |
| 21:11 | CMD_tomi · age_up castle |
| 21:46 | pablogueme · age_up castle |
| 23:24 | pablogueme · first_market_sell 100 wood |
| 24:44 | Gederico · first_market_buy 100 stone |
| 29:04 | Gederico · age_up castle |
| 29:15 | Gederico · first_market_sell 100 wood |
| 29:23 | CMD_negroterrazas · age_up castle |
| 29:27 | CMD_negroterrazas · first_building Castle |
| 30:55 | pablogueme · first_building Monastery |
| 32:16 | CMD_negroterrazas · wall_segment Stone Wall x8 |
| 34:34 | CMD_tomi · first_building Castle |
| 36:12 | pablogueme · first_building Castle |
| 36:41 | lordraiden36 · first_building Monastery |
| 36:45 | CMD_tomi · resign |
| 36:55 | CMD_negroterrazas · first_building Siege Workshop |
| 40:07 | pablogueme · age_up imperial |
| 40:08 | CMD_negroterrazas · wall_segment Stone Wall x1 |
| 42:16 | Gederico · first_building Castle |
| 44:57 | lordraiden36 · age_up imperial |
[ AI ANALYSIS · 1 CREDIT ]
What really happened in this match?
Wolo.gg analyzes every decision: build order, eco, micro, common mistakes by bracket. Personalized analysis on WhatsApp or Discord in 30 seconds.
Civ guide
Poles
Map guide
Arabia
Perfil
Jugador #3264448